 Dungeon Crawl Stone Soup version 0.24-a0-278-gefa1973 (webtiles) character file.

Game seed: 14154973236607814464

17 Dantiko the Chucker (level 2, 0/28 HPs)
             Began as an Ogre Arcane Marksman on Apr 30, 2019.
             Slain by a goblin (4 damage)
             ... on level 1 of the Dungeon.
             The game lasted 00:02:40 (560 turns).

Dantiko the Chucker (Ogre Arcane Marksman)           Turns: 560, Time: 00:02:40

Health: 0/28       AC:  0    Str: 13    XL:     2   Next: 62%
Magic:  1/3        EV: 10    Int: 14    God:
Gold:   4          SH:  0    Dex:  9    Spells: 2/3 levels left

rFire    . . .     SeeInvis .   h - +0 short sword
rCold    . . .     Gourm    .   (no shield)
rNeg     . . .     Faith    .   a - +0 robe
rPois    .         Spirit   .   (helmet restricted)
rElec    .         Reflect  .   (no cloak)
rCorr    .         Harm     .   (gloves unavailable)
MR       .....                  (boots unavailable)
Stlth    +.........             (no amulet)
HPRegen  0.09/turn              e - -3 ring of protection (curse)
MPRegen  0.08/turn              (no ring)

@: very slightly contaminated
A: large, unfitting armour, tough skin 1
a: no special abilities


You were on level 1 of the Dungeon.
You were not hungry.

You visited 1 branch of the dungeon, and saw 1 of its levels.

You collected 4 gold pieces.

Inventory:

Hand Weapons
 g - a +0 club
 h - a +0 short sword (weapon)
Missiles
 b - 36 stones
 c - 3 large rocks (quivered)
 d - 2 throwing nets
Armour
 a - a +0 robe (worn)
Jewellery
 e - a cursed -3 ring of protection (left hand)
Scrolls
 k - a scroll of teleportation {unknown}
Potions
 j - 2 potions of brilliance {unknown}
Comestibles
 f - a ration
 i - a chunk of flesh


   Skills:
 - Level 2.1 Fighting
 + Level 2.8 Throwing
 - Level 1.7 Dodging
 - Level 1.2 Spellcasting
 - Level 2.6 Hexes


You had 2 spell levels left.
You knew the following spells:

 Your Spells              Type           Power        Failure   Level  Hunger
a - Corona                Hex            #......      9%          1    ##.....

Your spell library contained the following spells:

 Spells                   Type           Power        Failure   Level  Hunger
 Slow                     Hex            #.......     13%         2    ###....
 Inner Flame              Hex/Fire       #.......     41%         3    ####...
 Portal Projectile        Hex/Tloc       #.....       41%         3    ####...
 Cause Fear               Hex            #.........   65%         4    #####..
 Leda's Liquefaction      Hex/Erth       #.........   83%         4    #####..


Dungeon Overview and Level Annotations

Branches:
Dungeon (1/15)

Altars:


Innate Abilities, Weirdness & Mutations

You are too large for most types of armour.
You have tough skin. (AC +1)


Message History

You miscast Corona.
You are very lightly contaminated with residual magic.
You feel a bit tired.
A rat comes into view.
Casting: Corona (safe; 9% risk of failure)
Confirm with . or Enter, or press ? or * to list all spells.
Aiming: Corona (safe; 9% risk of failure)
Press: ? - help, Shift-Dir - straight line, f/p - hobgoblin
Aim: a hobgoblin, wielding a +0 club (chance to defeat MR: 61%)
The hobgoblin is outlined in light.
The hobgoblin hits you with a +0 club.
* * * LOW HITPOINT WARNING * * *
Quiver which item? (- for none, * to show all) (? for menu, Esc to quit)
Quivering
c - 4 large rocks for throwing.
Throwing (i - inventory. (/) - cycle)
c - 4 large rocks (quivered)
Press: ? - help, Shift-Dir - straight line, f/p - hobgoblin
Aim: a hobgoblin, wielding a +0 club (softly glowing)
You throw a large rock. The large rock hits the hobgoblin!
You kill the hobgoblin!
The goblin hits you.
You die...

#.##### ..
#>....######.#
#####....##..# ##
####..#.####### ..#
##.......$.#...#
########.......#...#
..[............r...#
######.......g#.
###.......@.#
#...#.......#
#.###.)..$..# #..
#.......# #.#
#?......# ..
....###### #.# #####
.. ...


You could see a goblin and a rat.

Vanquished Creatures
  A dart slug (D:1)
  A leopard gecko (D:1)
  2 giant cockroaches (D:1)
  A goblin (D:1)
  2 hobgoblins (D:1)
  4 kobolds (D:1)
  A frilled lizard (D:1)
  A rat (D:1)
13 creatures vanquished.

Notes
Turn   | Place    | Note
-------+----------+-------------------------------------------
     0 | D:1      | Dantiko the Ogre Arcane Marksman began the quest for the
                  | Orb.
     0 | D:1      | Reached XP level 1. HP: 19/19 MP: 2/2
     1 | D:1      | Noticed a merfolk zombie
     1 | D:1      | Noticed a ghoul
     3 | D:1      | Noticed a dwarf
    10 | D:1      | Noticed a gargoyle
    14 | D:1      | Noticed a dwarf
    14 | D:1      | Noticed a draconian
    16 | D:1      | Noticed an octopode
    18 | D:1      | Noticed a formicid
    80 | D:1      | HP: 1/20 [goblin/+0 club (1)]
    81 | D:1      | Reached XP level 2. HP: 2/28 MP: 3/3
   560 | D:1      | Slain by a goblin

Levels and vault maps discovered:
D:1:      shiori_arrival_whats_in_store_for_you, layout_rooms

Skill      XL: |  1 |
---------------+----+-----
Fighting       | 2 |  2.1
Throwing       | |  2.8
Dodging        | |  1.7
Spellcasting   | |  1.2
Hexes          | |  2.6

Action                   || total
-------------------------++-------
Melee: Unarmed           ||    14
       Short sword       ||     9
Throw: Large rock        ||     9
       Stone             ||    39
 Cast: Corona            ||     9
  Use: Scroll            ||     2
Armor: Robe              ||     2
Dodge: Dodged            ||    28

Table legend:
 A = Non-vault XP
 B = Vault XP
 C = Vault XP percentage of total XP
 D = Non-vault monster count
 E = Vault monster count
 F = Vault count percentage of total count
                 A         B        C        D         E       F
            +---------+---------+-------+---------+---------+-------
      Total |      25 |       0 |   0.0 |      13 |       0 |   0.0
            +---------+---------+-------+---------+---------+-------
        D:1 |      25 |       0 |   0.0 |      13 |       0 |   0.0
            +---------+---------+-------+---------+---------+-------
